 Dungeon Crawl Stone Soup version 0.20.0-8-g6b59dc7 (webtiles) character file.

2009 MDvedh the Slicer (level 9, 0/72 HPs)
             Began as a Kobold Hunter on May 30, 2017.
             Succumbed to an orc's poison
             ... on level 7 of the Dungeon.
             The game lasted 00:16:33 (9737 turns).

MDvedh the Slicer (Kobold Hunter)                   Turns: 9737, Time: 00:16:34

Health: 0/72       AC: 24    Str:  7    XL:     9   Next: 46%
Magic:  9/9        EV:  3    Int: 12    God:
Gold:   223        SH:  0    Dex: 19    Spells: 8/8 levels left

rFire    + . .     SeeInvis .   a - +2 hand crossbow
rCold    + . .     Gourm    .   (shield restricted)
rNeg     + + +     Faith    .   (armour currently unavailable)
rPois    +         Spirit   .   (helmet currently unavailable)
rElec    +         Reflect  .   (cloak currently unavailable)
rCorr    +         Harm     .   (gloves currently unavailable)
MR       .....     NoTele   +   (boots currently unavailable)
Stlth    ++........             (no amulet)
Regen    0.3/turn               (no ring)
MPRegen  0.2/turn               (no ring)

@: lethally poisoned (0 -> -5), tree-form, resistant
A: carnivore 3, weak 1
a: no special abilities


You were on level 7 of the Dungeon.
You were completely stuffed.
You were a tree.
You visited 1 branch of the dungeon, and saw 7 of its levels.
You also visited: Sewer.

You collected 223 gold pieces.

Inventory:

Hand Weapons
 a - a +2 hand crossbow (weapon)
 b - a +1 short sword of venom
 i - a +0 short sword of holy wrath
Missiles
 d - 31 bolts (quivered)
Armour
 m - a +0 ring mail (melded)
 w - a +0 cloak (melded)
Jewellery
 s - an uncursed ring of protection from cold {unknown}
Wands
 j - a wand of acid (15/15)
 k - a wand of iceblast (9/15)
Scrolls
 e - a scroll of amnesia
 g - 3 scrolls of teleportation
 p - a scroll of recharging
 q - a scroll of identify
Potions
 h - 4 potions of might
 l - a potion of resistance
 n - a potion of flight
 o - 2 potions of degeneration
 u - a potion of haste
Comestibles
 c - 5 royal jellies
 f - a meat ration
 v - 4 chunks of flesh


   Skills:
 - Level 2.1 Fighting
 + Level 11.7 Short Blades
 - Level 10.0 Crossbows
 - Level 2.4 Dodging
 - Level 1.3 Stealth


You had 8 spell levels left.
You didn't know any spells.

Dungeon Overview and Level Annotations

Branches:
Dungeon (7/15)
 Temple: D:4-7

Altars:
Vehumet

Shops:
D:6 (


Innate Abilities, Weirdness & Mutations

You are small and have problems with some larger weapons.
You are carnivorous and can eat meat at any time.
You are weak. (Str -2)
((Your movements are slightly less encumbered by armour. (ER -2)))


Message History

You feel sick.
The centaur unwields an uncursed shortbow.
The centaur hits you but does no damage.
Firing (i - inventory):
d - 33 bolts (quivered)
Press: ? - help, Shift-Dir - straight line, f/p - centaur
Aim: a centaur (heavily wounded)
You shoot a bolt. The bolt hits the centaur!
The centaur is almost dead.
* * * LOW HITPOINT WARNING * * *
You feel sick.
The centaur hits you but does no damage.
Firing (i - inventory):
d - 32 bolts (quivered)
Press: ? - help, Shift-Dir - straight line, f/p - centaur
Aim: a centaur (almost dead)
You shoot a bolt. The bolt hits the centaur!
You kill the centaur!
* * * LOW HITPOINT WARNING * * *
You feel sick.
You feel protected.
You die...

#####.#...##
..........##
.####......#
.....##......#
.#[..#......######
....+.....(......
####...#......######
.......######)#
....... #..♣)#
.....!.###.####
(.h(h....#[#
.h.o...#.#)#
..###..#..[#
#..##### ... .#.#
#.#.


There were no monsters in sight!

Vanquished Creatures
  Prince Ribbit (D:5)
  Menkaure (D:5)
  Edmund (D:5)
  An orc warrior (D:4)
  2 phantoms (D:5)
  2 centaurs
  Blork the orc (D:5)
  A bullfrog (D:7)
  3 howler monkeys (D:7)
  2 crimson imps (D:5)
  A jelly (D:5)
  3 hounds
  Crazy Yiuf (D:5)
  4 orc priests
  6 orc wizards
  A bullfrog skeleton (D:5)
  3 gnolls
  17 adders
  2 river rats (D:3)
  A shadow imp (D:5)
  An ooze (D:3)
  5 worms
  2 dart slugs
  26 orcs
  5 ball pythons
  9 bats
  9 giant cockroaches
  9 goblins
  4 hobgoblins
  6 jackals
  19 kobolds
  6 quokkas
  12 frilled lizards
  A jackal skeleton (D:4)
  A quokka zombie (D:5)
  5 rats
174 creatures vanquished.

Notes
Turn   | Place    | Note
-------+----------+-------------------------------------------
     0 | D:1      | MDvedh the Kobold Hunter began the quest for the Orb.
     0 | D:1      | Reached XP level 1. HP: 12/12 MP: 1/1
    32 | D:1      | Reached skill level 1 in Short Blades
    32 | D:1      | Reached skill level 5 in Crossbows
   196 | D:1      | Reached XP level 2. HP: 16/17 MP: 2/2
   576 | D:2      | Reached skill level 2 in Short Blades
   577 | D:2      | Reached XP level 3. HP: 21/21 MP: 3/3
  1371 | D:2      | Reached XP level 4. HP: 18/26 MP: 4/4
  1635 | D:2      | Reached skill level 3 in Short Blades
  1843 | D:2      | Found a radiant altar of Vehumet.
  2209 | D:3      | Found a glowing drain.
  2234 | D:3      | Reached XP level 5. HP: 9/30 MP: 5/5
  2455 | Sewer    | Entered a sewer
  2883 | Sewer    | Reached skill level 4 in Short Blades
  3756 | D:3      | Reached XP level 6. HP: 35/35 MP: 6/6
  4594 | D:3      | Reached skill level 5 in Short Blades
  4928 | D:3      | Gained mutation: You are weak. (Str -2) [potion of mutation]
  4928 | D:3      | Gained mutation: Your movements are slightly less encumbered by armour. (ER -2) [potion of mutation]
  5401 | D:4      | Noticed an orc warrior
  5875 | D:4      | Killed an orc warrior
  5875 | D:4      | Reached skill level 6 in Short Blades
  5875 | D:4      | Reached XP level 7. HP: 26/40 MP: 7/7
  6425 | D:5      | Entered Level 5 of the Dungeon
  6980 | D:5      | Reached skill level 7 in Short Blades
  7164 | D:5      | Reached XP level 8. HP: 32/44 MP: 8/8
  7652 | D:5      | Reached skill level 8 in Short Blades
  7668 | D:5      | Noticed Prince Ribbit
  7681 | D:5      | HP: 1/44 [Prince Ribbit (14)]
  8199 | D:5      | Noticed Edmund
  8215 | D:5      | Killed Edmund
  8296 | D:5      | Killed Prince Ribbit
  8296 | D:5      | Reached skill level 9 in Short Blades
  8296 | D:5      | Reached skill level 10 in Crossbows
  8575 | D:5      | Noticed Blork the orc
  8584 | D:5      | Killed Blork the orc
  8644 | D:5      | Reached XP level 9. HP: 37/48 MP: 9/9
  8995 | D:5      | Found a runed door.
  9103 | D:5      | Noticed Menkaure
  9109 | D:5      | Killed Menkaure
  9109 | D:5      | Reached skill level 10 in Short Blades
  9205 | D:5      | Noticed Crazy Yiuf
  9215 | D:5      | Killed Crazy Yiuf
  9407 | D:6      | Found Sukhol's Weapon Emporium.
  9600 | D:7      | Reached skill level 11 in Short Blades
  9734 | D:7      | HP: 3/72 [poisoned by an orc]
  9736 | D:7      | HP: 1/72 [poisoned by an orc]
  9737 | D:7      | Succumbed to an orc's poison

Skill      XL: |  1  2  3  4  5  6  7  8  9 |
---------------+----------------------------+-----
Short Blades   | 1 2 3 4 6 7 9 11 | 11.7
Crossbows      | 5 6 7 8 10 | 10.0
Fighting       | |  2.1
Dodging        | |  2.4
Stealth        | |  1.3

Action                   |  1- 3 |  4- 6 |  7- 9 || total
-------------------------+-------+-------+-------++-------
Melee: Short sword       |   115 |   343 |   301 ||   759
 Fire: Hand crossbow     |    12 |    62 |    80 ||   154
  Use: Potion            |     2 |     4 |     4 ||    10
       Scroll            |       |     8 |     8 ||    16
 Stab: Sleeping          |     2 |     3 |       ||     5
  Eat: Chunk             |     2 |    16 |    12 ||    30
       Meat ration       |       |       |     1 ||     1
Armor: Leather armour    |    43 |     1 |       ||    44
       Ring mail         |       |   115 |    41 ||   156
       Skin              |       |       |     9 ||     9
Dodge: Dodged            |    96 |   258 |   139 ||   493
